cohdb
Replays
Latest Replays
All Replays
Popular Replays
Top Player Replays
Match Explorer
How It Works
Community
CoH3 Stats
Reddit
Sign in to upload your games and track your stats! →
Sign in with Steam
Match 44214045
Unlisted
Match 44214045
Overview
Messages
Build Orders
End
Construct Barracks
1⁄4-ton 4x4 Truck
Riflemen Squad
Riflemen Squad
M1 Mortar Team
Grenade Package
Selects Advanced Infantry Battlegroup
Mechanized Support Center
Selects Convert to Ranger Squad
Convert to Ranger Squad
Construct Motor Pool
M8 Greyhound Armored Car
Selects Frontline Medical Station
nerf R.N.G
Homer Simpson's Coffin
woof_raff
GANDX
0
0
Comments
sign in to comment!
No comments posted yet!